 Dungeon Crawl Stone Soup version 0.28-a0-8-g6e044cfa68 (webtiles) character file.

Game seed: 12086507016040569025

455 hatdisgam the Stinger (level 6, -1/41 HPs)
             Began as a Demonspawn Wanderer on July 25, 2021.
             Slain by a water moccasin (9 damage)
             ... on level 5 of the Dungeon.
             The game lasted 00:08:08 (3710 turns).

hatdisgam the Stinger (Demonspawn Wanderer)         Turns: 3710, Time: 00:08:09

Health: -1/41      AC:  2    Str: 11    XL:     6   Next: 76%
Magic:  6/8        EV: 11    Int: 16    God:
Gold:   163        SH: 12    Dex: 13    Spells: 6/7 levels left

rFire   . . .      SeeInvis .   d - +1 dagger (elec)
rCold   . . .      Faith    .   h - +2 buckler
rNeg    . . .      Spirit   .   b - +0 robe
rPois   .          Reflect  +   (helmet restricted)
rElec   .          Harm     .   (no cloak)
rCorr   .          Rampage  .   (no gloves)
Will    .....                   (no boots)
Stlth   ++........              s - amulet of reflection
HPRegen 0.13/turn               (no ring)
MPRegen 0.11/turn               (no ring)

@: lethally poisoned (-1 -> -11), hasted, very quick
A: claws 1, horns 2, talons 1
a: no special abilities


You were on level 5 of the Dungeon.
You visited 1 branch of the dungeon, and saw 5 of its levels.

You collected 163 gold pieces.

Inventory:

Hand Weapons
 a - a +0 dagger
 d - a +1 dagger of electrocution (weapon)
Armour
 b - a +0 robe (worn)
 h - a +2 buckler (worn)
Jewellery
 e - a ring of flight
 s - an amulet of reflection (around neck)
 u - a ring of ice
Wands
 m - a wand of flame (12)
 r - a wand of digging (6)
Scrolls
 c - 2 scrolls of teleportation {unknown}
 f - a scroll of silence {unknown}
 g - 2 scrolls of identify {unknown}
 k - 2 scrolls of enchant weapon {unknown}
 l - 3 scrolls of amnesia {unknown}
 n - a scroll of blinking {unknown}
 o - a scroll of acquirement {unknown}
 p - a scroll of fear {unknown}
Potions
 i - a potion of haste
 v - a potion of flight


   Skills:
 - Level 1.0 Stealth
 * Level 3.7 Shields
 - Level 1.4 Spellcasting
 - Level 2.0 Conjurations
 - Level 3.0 Hexes
 - Level 3.0 Transmutations
 - Level 4.4 Poison Magic
 - Level 1.0 Evocations


You had 6 spell levels left.
You knew the following spells:

 Your Spells              Type           Power      Damage    Failure   Level
a - Sting                 Tmut/Pois      52%        1d5       4%          1

Your spell library contained the following spells:

 Spells                   Type           Power      Damage    Failure   Level
 Magic Dart               Conj           28%        1d4       10%         1
 Slow                     Hex            10%        N/A       10%         2
 Ignite Poison            Fire/Tmut/Pois 9%         N/A       24%         3
 Mephitic Cloud           Conj/Pois/Air  8%         N/A       28%         3
 Blink                    Tloc           N/A        N/A       34%         2
 Call Imp                 Summ           1%         N/A       34%         2
 Conjure Flame            Conj/Fire      4%         6-21      41%         3
 Bolt of Magma            Conj/Fire/Erth 1%         4d4       99%         5


Dungeon Overview and Level Annotations

Branches:
Dungeon (5/15)
 Temple: D:4-7

Altars:
Fedhas
Hepliaklqana
Qazlal
Sif Muna
Trog
Zin

Shops:
D:2 =

Annotations:
D:3 Grinder
D:4 3 runed translucent doors


Innate Abilities, Weirdness & Mutations

You have sharp fingernails.
You have a pair of horns on your head.
You have sharp toenails.


Message History

You hit the water moccasin.
Your headbutt misses the water moccasin.
The water moccasin is lightly wounded.
You block the water moccasin's attack.
You barely miss the water moccasin. You claw the water moccasin.
The water moccasin is lightly wounded.
The water moccasin barely misses you.
You barely miss the water moccasin. Your kick misses the water moccasin.
The water moccasin is lightly wounded.
You block the water moccasin's attack.
You miss the water moccasin.
The water moccasin is lightly wounded.
The water moccasin bites you.
You hit the water moccasin.
Lightning courses through the water moccasin!
The water moccasin is heavily wounded.
You block the water moccasin's attack.
You hit the water moccasin but do no damage.
Your kick misses the water moccasin.
The water moccasin is heavily wounded.
You block the water moccasin's attack.
You miss the water moccasin.
You claw the water moccasin, but do no damage.
You headbutt the water moccasin, but do no damage.
The water moccasin is heavily wounded.
The water moccasin bites you.
You are lethally poisoned!
The water moccasin poisons you!
It was a potion of cancellation.
Your magical effects are unravelling.
You feel magically purged.
You feel yourself slow down.
You feel a little less clever now.
* * * LOW HITPOINT WARNING * * *
You feel very sick. You block the water moccasin's attack.
You feel yourself speed up.
* * * LOW HITPOINT WARNING * * *
You feel very sick. The water moccasin bites you!
You die...

#### ...# ##.# .#.#
######## #..############
#......#
##.........##.#####.####)#
#..#######......@So.# #.#
.#.# ##.....##### #.# .#.#
##...## #o# ...## ##.##
#.# .<..## #.# ###o#####
.....## #.# #..oo...#
......# #+# #.#.....#
.....## #.#.....# #...###
#.##....#


You could see a water moccasin and an orc.

Vanquished Creatures
  An ogre (D:5)
  2 black bears (D:5)
  A howler monkey (D:5)
  8 gnolls
  An ufetubus (D:4)
  An adder zombie (D:5)
  2 worms
  3 dart slugs
  3 orcs
  3 bats
  9 endoplasms
  2 giant cockroaches
  3 goblins
  3 hobgoblins
  3 jackals (D:4)
  7 ball pythons
  3 frilled lizards
  2 kobolds (D:3)
  8 rats
65 creatures vanquished.

Notes
Turn   | Place    | Note
-------+----------+-------------------------------------------
     0 | D:1      | hatdisgam the Demonspawn Wanderer began the quest for the
                  | Orb.
     0 | D:1      | hatdisgam set off with the following items: a +0 dagger, a
                  | +0 robe; and the following spells available to memorise:
                  | Magic Dart, Slow, Sting, Blink, Call Imp, Mephitic Cloud,
                  | Conjure Flame, Ignite Poison
     0 | D:1      | Reached XP level 1. HP: 13/13 MP: 2/2
     2 | D:1      | Learned a level 1 spell: Sting
    62 | D:2      | Found a hazy altar of Hepliaklqana.
   470 | D:1      | Gained mutation: You have a pair of small horns on your
                  | head. [demonic ancestry]
   470 | D:1      | Reached XP level 2. HP: 19/19 MP: 0/3
   721 | D:1      | Reached skill level 1 in Transmutations
   875 | D:1      | Reached skill level 3 in Poison Magic
   875 | D:1      | Gained mutation: You have sharp toenails. [demonic
                  | ancestry]
   875 | D:1      | Reached XP level 3. HP: 24/24 MP: 5/5
  1313 | D:2      | Found Empym's Jewellery Shop.
  1432 | D:2      | Noticed an eye of devastation
  1434 | D:2      | Found a faded altar of an unknown god.
  1436 | D:2      | Noticed a great orb of eyes
  1436 | D:2      | Noticed an eye of devastation
  1436 | D:2      | Noticed a great orb of eyes
  2175 | D:3      | Noticed Grinder
  2210 | D:4      | Reached XP level 4. HP: 28/30 MP: 6/6
  2396 | D:4      | Found a runed translucent gate.
  2396 | D:4      | Found a runed translucent gate.
  2396 | D:4      | Found a runed translucent gate.
  2408 | D:4      | Found a stormy altar of Qazlal.
  2410 | D:4      | Found a bloodstained altar of Trog.
  2410 | D:4      | Found a blossoming altar of Fedhas.
  2606 | D:4      | Reached skill level 1 in Shields
  2748 | D:4      | You fall into a shaft and drop 1 floor!
  2748 | D:5      | Entered Level 5 of the Dungeon
  2838 | D:5      | Gained mutation: You have a pair of horns on your head.
                  | [demonic ancestry]
  2838 | D:5      | Reached XP level 5. HP: 24/35 MP: 0/7
  2989 | D:5      | Noticed a black bear
  2996 | D:5      | Killed a black bear
  2997 | D:5      | Reached skill level 4 in Poison Magic
  3169 | D:5      | Gained mutation: You have sharp fingernails. [demonic
                  | ancestry]
  3169 | D:5      | Reached XP level 6. HP: 41/41 MP: 8/8
  3196 | D:5      | Found a shimmering blue altar of Sif Muna.
  3676 | D:5      | Noticed a water moccasin
  3710 | D:5      | Slain by a water moccasin

Illustrated notes

Levels and vault maps discovered:
D:1:      wander_arrival_desolate, layout_basic
D:2:      layout_loops_cross, basic_altar,
          hellmonk_ecumenical_altar_watching_god, serial_shops, shop
D:3:      layout_loops_ring, st_stairs_9, uniq_grinder
D:4:      layout_loops_ring, grunt_temple_overflow_open,
          mainiacjoe_overflow_cross_hatched, gammafunk_ghost_icy
D:5:      layout_loops_corners, lemuel_coloured_pillars_altar,
          minmay_temple_entry_antechambers

Skill      XL: |  1  2  3  4  5  6 |
---------------+-------------------+-----
Transmutations | 1 2 3 |  3.0
Poison Magic   | 3 4 |  4.4
Shields        | 1 3 |  3.7
Stealth        | |  1.0
Spellcasting   | |  1.4
Conjurations   | |  2.0
Hexes          | |  3.0
Evocations     | |  1.0

Action                   |  1- 3 |  4- 6 || total
-------------------------+-------+-------++-------
Melee: Dagger            |    61 |    42 ||   103
       Headbutt          |     4 |     6 ||    10
       Kick              |    13 |    16 ||    29
 Cast: Sting             |    28 |    29 ||    57
  Use: Potion            |     1 |     5 ||     6
 Stab: Sleeping          |     2 |       ||     2
       Distracted        |     1 |       ||     1
Armor: Robe              |    17 |     3 ||    20
Dodge: Dodged            |    46 |    24 ||    70
Block: Buckler           |     5 |    25 ||    30

Table legend: (Time is in decaauts)
 A = Elapsed time spent in this place.
 B = Non-inter-level travel time spent in this place.
 C = Inter-level travel time spent in this place.
 D = Time resting spent in this place.
 E = Time spent auto-exploring this place.
 F = Levels seen in this place.
 G = Mean time per level.
                   A        B        C        D        E       F      G
               +--------+--------+--------+--------+--------+-----+--------+
         Total |   3705 |   3689 |     16 |    441 |   2578 |   5 |  741.0 |
       Dungeon |   3705 |   3689 |     16 |    441 |   2578 |   5 |  741.0 |
               +--------+--------+--------+--------+--------+-----+--------+

Top non-repeatable levels by time:
     D:2: 985 daAuts
     D:5: 954 daAuts
     D:1: 708 daAuts
     D:4: 557 daAuts
     D:3: 500 daAuts
